 Dungeon Crawl Stone Soup version 0.26.1-11-gd32895ea62 (webtiles) character file.

Game seed: 8594901144520564233

16814 raph the Artisan of Death (level 12, -3/88 HPs)
             Began as a Human Necromancer on May 10, 2021.
             Was a Priest of Kikubaaqudgha.
             Slain by a cane toad (13 damage)
             ... on level 1 of the Lair of Beasts.
             The game lasted 00:41:45 (21373 turns).

raph the Artisan of Death (Human Necromancer)      Turns: 21373, Time: 00:41:46

Health: -3/88      AC: 13    Str: 10    XL:     12   Next: 74%
Magic:  1/22       EV: 15    Int: 19    God:    Kikubaaqudgha [***...]
Gold:   680        SH:  0    Dex: 14    Spells: 4/24 levels left

rFire    . . .     SeeInvis .   a - +1 rapier (venom)
rCold    . . .     Faith    .   (no shield)
rNeg     . . .     Spirit   .   B - +0 acid dragon scales
rPois    +         Reflect  .   u - +2 hat
rElec    .         Harm     .   x - +1 cloak
rCorr    +         Rampage  .   m - +0 pair of gloves
Will     .....                  N - +0 pair of boots
Stlth    ++++......             C - amulet of the acrobat
HPRegen  0.24/turn              F - ring of poison resistance
MPRegen  0.18/turn              h - ring of stealth

@: about to teleport
A: no striking features
a: Renounce Religion, Receive Corpses


You were on level 1 of the Lair of Beasts.
You worshipped Kikubaaqudgha.
Kikubaaqudgha was most pleased with you.
You visited 3 branches of the dungeon, and saw 12 of its levels.
You also visited: Ice Cave.

You collected 680 gold pieces.

Inventory:

Hand Weapons
 a - a +1 rapier of venom (weapon)
 b - the +10 short sword of Sharkskin {elec, Str+4 Int-5 Dex+3}
   (You found it on level 9 of the Dungeon)

   Occasionally, upon striking a foe, it can discharge electrical energy and
   cause terrible harm.
   It affects your strength (+4).
   It affects your intelligence (-5).
   It affects your dexterity (+3).
 c - a +0 dagger
 k - a +2 dagger of venom
 w - a +0 rapier of flaming
 L - a +1 long sword of electrocution
Missiles
 f - 21 poisoned darts
Armour
 m - a +0 pair of gloves (worn)
 p - a +0 helmet
 u - a +2 hat (worn)
 x - a +1 cloak (worn)
 B - +0 acid dragon scales (worn)
 I - the quicksilver dragon scales "Nuiggo Fionn" {rF++ Will+}
   (You took it off a centaur on level 9 of the Dungeon)

   It greatly protects you from fire.
   It affects your willpower, your defense against some magical effects.
 N - a +0 pair of boots (worn)
Jewellery
 h - a ring of stealth (right hand)
 r - an uncursed ring of positive energy
 C - an amulet of the acrobat (around neck)
 F - a ring of poison resistance (left hand)
 J - an uncursed ring of protection from cold
 O - an uncursed ring of see invisible
Wands
 g - a wand of polymorph (34)
 l - a wand of acid (2)
 n - a wand of paralysis (16)
 v - a wand of flame (24)
 K - a wand of iceblast (10)
Scrolls
 d - 2 scrolls of remove curse
 E - 2 scrolls of amnesia
 M - a scroll of fear
Potions
 e - 14 potions of curing
 i - a potion of heal wounds
 j - 2 potions of haste
 o - a potion of magic
 q - 5 potions of cancellation
 s - a potion of might
 t - 2 potions of brilliance {unknown}
 A - 2 potions of mutation
 D - 2 potions of flight
 G - a potion of lignification
 H - a potion of invisibility
Miscellaneous
 z - a box of beasts (inert)


   Skills:
 + Level 6.1 Fighting
 * Level 7.7 Short Blades
 - Level 4.8 Armour
 + Level 7.4 Dodging
 + Level 8.1 Stealth
 + Level 6.8 Spellcasting
 * Level 10.8 Necromancy
 + Level 4.9 Ice Magic


You had 4 spell levels left.
You knew the following spells:

 Your Spells              Type           Power        Failure   Level
a - Pain                  Necr           100%         1%          1
b - Animate Skeleton      Necr           94%          1%          1
c - Vampiric Draining     Necr           23%          1%          3
d - Animate Dead          Necr           23%          1%          4
e - Agony                 Necr           47%          4%          5
f - Ozocubu's Armour      Ice            25%          6%          3
g - Frozen Ramparts       Ice            50%          6%          3

Your spell library contained the following spells:

 Spells                   Type           Power        Failure   Level
 Freeze                   Ice            100%         1%          1
 Sublimation of Blood     Necr           23%          1%          2
 Dispel Undead            Necr           47%          1%          4
 Confusing Touch          Hex            6%           43%         3
 Gell's Gravitas          Tloc           3%           43%         3
 Hailstorm                Conj/Ice       15%          50%         4
 Summon Ice Beast         Ice/Summ       15%          50%         4
 Petrify                  Tmut/Erth      6%           83%         4
 Excruciating Wounds      Necr           23%          4%          5
 Death Channel            Necr           23%          28%         6
 Simulacrum               Ice/Necr       18%          67%         6
 Metabolic Englaciation   Hex/Ice        7%           85%         5
 Yara's Violent Unravell  Hex/Tmut       3%           99%         5


Dungeon Overview and Level Annotations

Branches:
Dungeon (9/15)             Temple (1/1) D:4            Lair (2/6) D:9
 Spider (0/4) Lair:2        IceCv (visited)
  Swamp: Lair:2-4    Shoals: Lair:2-4       Orc: D:9-12

Altars:
Ashenzari
Cheibriados
Dithmenos
Elyvilon
Fedhas
Gozag
Hepliaklqana
Kikubaaqudgha
Makhleb
Nemelex Xobeh
Okawaru
Qazlal
Ru
Sif Muna
Trog
Uskayaw
Vehumet
Wu Jian
Xom
Yredelemnul
Zin
The Shining One
Jiyva

Annotations:
D:6 Grinder
D:9 3 runed translucent doors, exclusion: boulder beetle, T2blue's ghost, novice FeCj


Message History

You kill the rime drake!
Kikubaaqudgha accepts your kill.
You feel life coursing into your body. The cane toad barely misses you.
The cane toad completely misses you.
Casting: Vampiric Draining (safe; 1% risk of failure)
Confirm with . or Enter, or press ? or * to list all spells.
You don't have enough magic to cast that spell.
Unknown command.
You hit the cane toad.
The cane toad is lightly wounded.
The ice encasing you melts away. The cane toad stings you!
* * * LOW HITPOINT WARNING * * *
Kikubaaqudgha delivers you corpses!
The cane toad stings you but does no damage.
The cane toad misses you.
As you read the scroll of teleportation, it crumbles to dust.
You feel strangely unstable. The cane toad stings you!
You die...
Kikubaaqudgha rasps: "You have failed me!
Welcome... death!"

#.## #........##...## ..####
##....8....#...# .##..##
###...#####...##.#
......#######....## ####....##
...........##...#.###.###...# #
..........###...###...#.....#####
..............................+..
...........8.....8††>..8.....8#..
<.........+.....@F.††............
..........###...##.†..##....#....
............#....###.####...#....
............#....#######...##....
.............##..(####.....###...
...........^..##....8.....#...###
.......###.######........#....#
....#.## ### ###.>.#.#....##
######.# #####......##


You could see a cane toad.

Vanquished Creatures
  A hydra (Lair:2)
  A deep elf mage (D:9)
  A black mamba (Lair:1)
  6 elephants
  2 cane toads (Lair:2)
  3 rime drakes
  Maggie (D:6)
  2 komodo dragons
  A troll (D:9)
  An ice devil (IceCv)
  4 blink frogs (Lair:2)
  Sigmund (D:2)
  19 yaks
  Eustachio (D:5)
  A basilisk (Lair:2)
  A steam dragon (D:9)
  Grum (D:9)
  Edmund (D:4)
  Menkaure (D:4)
  2 swamp worms (Lair:2)
  7 water moccasins
  Duvessa (D:6)
  A hornet zombie (D:6)
  An orc warrior (D:9)
  An ice beast (D:9)
  3 black bears
  A necrophage (D:9)
  A sky beast (D:6)
  7 centaurs
  12 wolves
  4 ogres
  A big kobold (D:9)
  Blork the orc (D:4)
  11 bullfrogs
  A water moccasin zombie (D:7)
  Dowan (D:6)
  3 scorpions
  A howler monkey (D:4)
  6 wights
  An orc priest (D:7)
  A quasit (D:9)
  Crazy Yiuf (D:3)
  4 hounds
  2 bullfrog skeletons
  An iguana (D:9)
  Ijyb (D:4)
  4 orc wizards
  8 worker ants
  2 hound zombies
  2 mummies (D:8)
  A worker ant zombie (D:5)
  A howler monkey skeleton (D:6)
  10 adders
  9 white imps
  9 ufetubi
  An ooze (D:4)
  A worm (D:2)
  2 adder skeletons
  A dart slug (D:2)
  3 leopard geckos
  22 orcs
  8 giant cockroaches
  11 goblins
  A hobgoblin (D:2)
  3 jackals (D:5)
  3 quokkas
  3 ball pythons
  3 bats
  11 frilled lizards
  2 kobolds
  3 kobold zombies (D:8)
  An orc zombie (D:8)
  3 quokka zombies
  9 rats
263 creatures vanquished.

Vanquished Creatures (collateral kills)
  An elephant (Lair:1)
  A rime drake (Lair:2)
  An ice devil (IceCv)
  2 yaks (Lair:1)
  A centaur (D:9)
  A bullfrog (Lair:2)
7 creatures vanquished.

Vanquished Creatures (others)
  2 white imps (IceCv)
  A bush (D:8)
  11 fungi (Lair:2)
  26 plants
40 creatures vanquished.

Grand Total: 310 creatures vanquished

Notes
Turn   | Place    | Note
-------+----------+-------------------------------------------
     0 | D:1      | raph the Human Necromancer began the quest for the Orb.
     0 | D:1      | Reached XP level 1. HP: 13/13 MP: 3/3
    25 | D:1      | Learned a level 1 spell: Animate Skeleton
   283 | D:1      | Reached XP level 2. HP: 15/19 MP: 1/5
  1920 | D:2      | Reached XP level 3. HP: 21/24 MP: 3/6
  1924 | D:2      | Learned a level 3 spell: Vampiric Draining
  1929 | D:2      | Noticed Sigmund
  2596 | D:2      | Found a faded altar of an unknown god.
  2756 | D:2      | Reached XP level 4. HP: 26/30 MP: 2/7
  2808 | D:2      | Found a sacrificial altar of Ru.
  3610 | D:3      | Found an iron altar of Okawaru.
  4088 | D:3      | Found a hazy altar of Hepliaklqana.
  4134 | D:3      | Found a shimmering altar of Xom.
  4196 | D:3      | Found a runed translucent door.
  4197 | D:3      | Noticed Crazy Yiuf
  4206 | D:3      | Killed Crazy Yiuf
  4207 | D:3      | Reached XP level 5. HP: 22/35 MP: 2/9
  4466 | D:4      | Noticed Edmund
  4568 | D:4      | Found a radiant altar of Vehumet.
  4592 | D:4      | Reached skill level 5 in Necromancy
  4647 | D:4      | Noticed a phantom
  4655 | D:3      | Reached XP level 6. HP: 23/41 MP: 3/10
  4995 | D:4      | Found a staircase to the Ecumenical Temple.
  5008 | Temple   | Entered the Ecumenical Temple
  5176 | Temple   | Became a worshipper of Kikubaaqudgha
  5391 | D:4      | Noticed a phantom
  5631 | D:4      | Reached XP level 7. HP: 37/46 MP: 6/11
  5696 | D:4      | Learned a level 4 spell: Animate Dead
  5758 | D:4      | Noticed Ijyb
  5767 | D:4      | Killed Ijyb
  6008 | D:4      | Noticed Menkaure
  6159 | D:4      | Reached skill level 6 in Necromancy
  6377 | D:4      | Killed Menkaure
  6435 | D:4      | Killed Edmund
  6484 | D:5      | Entered Level 5 of the Dungeon
  6781 | D:5      | Reached XP level 8. HP: 52/52 MP: 13/13
  6789 | D:5      | Noticed Eustachio
  6799 | D:5      | Killed Eustachio
  7037 | D:5      | Found a glowing golden altar of the Shining One.
  7150 | D:2      | Killed Sigmund
  7151 | D:2      | Reached skill level 1 in Fighting
  7151 | D:2      | Reached skill level 1 in Short Blades
  7151 | D:2      | Reached skill level 7 in Necromancy
  7402 | D:2      | Found a burning altar of Makhleb.
  8072 | D:4      | Noticed Blork the orc
  8079 | D:4      | Killed Blork the orc
  8597 | D:5      | Reached skill level 5 in Stealth
  8841 | D:5      | Found a stormy altar of Qazlal.
  8915 | D:6      | Reached XP level 9. HP: 20/61 MP: 15/15
  9014 | D:6      | Noticed Dowan
  9015 | D:6      | Noticed Duvessa
  9386 | D:6      | Reached skill level 5 in Dodging
  9399 | D:6      | Reached * piety under Kikubaaqudgha
  9399 | D:6      | Identified Kikubaaqudgha's Handbook of Unholy Rituals
                  | (Kikubaaqudgha gifted it to you on level 6 of the Dungeon)
  9399 | D:6      | Received a gift from Kikubaaqudgha
  9471 | D:6      | Learned a level 5 spell: Agony
  9661 | D:6      | Noticed Grinder
  9665 | D:6      | Found a sparkling altar of Nemelex Xobeh.
  9733 | D:6      | Killed Duvessa
  9734 | D:6      | Reached skill level 8 in Necromancy
  9750 | D:6      | Killed Dowan
  9834 | D:6      | Noticed Maggie
  9847 | D:6      | Killed Maggie
  9955 | D:6      | Reached skill level 5 in Spellcasting
 10568 | D:7      | Reached XP level 10. HP: 67/70 MP: 13/17
 10956 | D:7      | Found a shimmering blue altar of Sif Muna.
 11715 | D:8      | Found a blossoming altar of Fedhas.
 12154 | D:8      | Reached skill level 9 in Necromancy
 12502 | D:8      | Found a snail-covered altar of Cheibriados.
 12755 | D:8      | Found a shadowy altar of Dithmenos.
 13549 | D:9      | Found a staircase to the Lair.
 13558 | D:9      | Noticed a two-headed ogre
 13748 | D:9      | Found a glowing golden altar of the Shining One.
 13834 | D:9      | Identified the quicksilver dragon scales "Nuiggo Fionn"
                  | {rF++ Will+}
 13843 | D:9      | Noticed a boulder beetle
 14296 | D:9      | Found a runed translucent gate.
 14297 | D:9      | Found a runed translucent gate.
 14298 | D:9      | Found a runed translucent gate.
 14299 | D:9      | Noticed T2blue's ghost (novice FeCj)
 14302 | D:9      | Found a viscous altar of Jiyva.
 14319 | D:9      | Got a smoking short sword
 14320 | D:9      | Identified the +10 short sword of Sharkskin {elec, Str+4
                  | Int-5 Dex+3} (You found it on level 9 of the Dungeon)
 14440 | D:9      | Noticed a manticore
 14488 | D:9      | Noticed Grum
 14512 | D:9      | Killed Grum
 14513 | D:9      | Reached skill level 5 in Short Blades
 14603 | D:9      | Reached ** piety under Kikubaaqudgha
 14655 | D:9      | Noticed a boulder beetle
 14656 | D:9      | Noticed a deep elf mage
 14675 | D:9      | Killed a deep elf mage
 15010 | D:9      | Reached XP level 11. HP: 66/78 MP: 19/19
 15038 | D:9      | Learned a level 3 spell: Ozocubu's Armour
 15238 | Lair:1   | Entered Level 1 of the Lair of Beasts
 15456 | Lair:1   | Reached skill level 1 in Armour
 15456 | Lair:1   | Reached skill level 1 in Ice Magic
 16151 | Lair:1   | Reached skill level 5 in Fighting
 16537 | Lair:1   | Reached skill level 10 in Necromancy
 16868 | Lair:1   | Learned a level 3 spell: Frozen Ramparts
 16895 | Lair:2   | Found a frozen archway.
 17042 | IceCv    | Entered an ice cave
 17468 | Lair:2   | Noticed a five-headed hydra
 17487 | Lair:2   | Killed a five-headed hydra
 17599 | Lair:2   | Noticed an elephant
 17599 | Lair:2   | Noticed an elephant
 17599 | Lair:2   | Noticed an elephant
 17642 | Lair:2   | Reached *** piety under Kikubaaqudgha
 17642 | Lair:2   | Identified Kikubaaqudgha's Incunabulum of Necromancy
                  | (Kikubaaqudgha gifted it to you on level 2 of the Lair of
                  | Beasts)
 17642 | Lair:2   | Received a gift from Kikubaaqudgha
 18033 | Lair:2   | Reached XP level 12. HP: 73/86 MP: 6/21
 18851 | Lair:2   | Noticed a seven-headed hydra
 19667 | Lair:2   | Found a hole to the Spider Nest.
 21373 | Lair:1   | Slain by a cane toad

Illustrated notes

Levels and vault maps discovered:
D:1:      scummos_arrival_simple_fountains, layout_basic
D:2:      layout_basic, nicolae_ru_awakened_eye, lemuel_doored_altar,
          chequers_ecumenical_altar_simple_redux, uniq_sigmund
D:3:      layout_basic, overflow_temple_1_default,
          lemuel_coloured_pillars_altar, okawaru_ov_weapons_minmay,
          minmay_lizard_king, uniq_crazy_yiuf_cottage
D:4:      layout_basic, overflow_temple_1_default,
          minmay_temple_entry_stoned_glass, wad_rectangle_vault, uniq_menkaure,
          uniq_ijyb, uniq_blork_the_orc, uniq_edmund
D:5:      layout_loops_cross, nicolae_tso_swordbearing_angel,
          nicolae_qazlal_eye_of_the_storm, uniq_eustachio
D:6:      layout_rooms, kennysheep_little_box, nicolae_ossuary_entry_ruins,
          uniq_duvessa, uniq_maggie, uniq_grinder
D:7:      layout_cave_pods, nicolae_overflow_hidden_temple
D:8:      layout_rooms, slow_altar_2, nicolae_dithmenos_the_darkroom,
          nicolae_overflow_crystal_walls, kb_lookout_dungeons_type,
          minmay_mini_ossuary
D:9:      minmay_the_grid_octo_tiled_squarecenter
          [minmay_the_grid_octo_fat_diamond, minmay_the_grid_octo_focus,
          minmay_the_grid_octo_toaster, minmay_the_grid_octo_vomiting_pacman,
          minmay_the_grid_square_5x5_megaprize_crossed,
          minmay_the_grid_square_5x5_dogpile,
          minmay_the_grid_square_5x5_trominoes,
          minmay_the_grid_square_5x5_three,
          minmay_the_grid_square_5x5_bracketed], layout_stronghold,
          lair_entry_dummy, gammafunk_ghost_ooze, corexii_hall_statues_x,
          uniq_grum
Temple:   nicolae_temple_figure_zero
Lair:1:   layout_hall_layers, grunt_megastairs_5
Lair:2:   cheibrodos_lair_overgrown_chateau, layout_long_grid,
          palyth_hydra_swamp_entry, spider_nest_entry_web_field,
          portal_ice_cave_entry_pillars_1, infiniplex_staircase_pool

Skill      XL: |  1  2  3  4  5  6  7  8  9 10 11 12 |
---------------+-------------------------------------+-----
Stealth        | 3 4 5 6 7 8 |  8.1
Necromancy     | 5 6 7 8 9 10 | 10.8
Dodging        | 3 4 5 6 7 |  7.4
Spellcasting   | 3 4 5 6 |  6.8
Fighting       | 2 3 4 5 6 |  6.1
Short Blades   | 2 3 5 6 7 |  7.7
Armour         | 3 4 |  4.8
Ice Magic      | 3 4 |  4.9

Action                   |  1- 3 |  4- 6 |  7- 9 | 10-12 || total
-------------------------+-------+-------+-------+-------++-------
Melee: Dagger            |     7 |    63 |    20 |       ||    90
       Rapier            |       |       |   168 |   521 ||   689
       Short sword       |       |       |       |    96 ||    96
 Cast: Pain              |    60 |    62 |    24 |    33 ||   179
       Animate Skeleton  |     2 |    10 |     4 |    25 ||    41
       Vampiric Draining |       |     1 |    31 |    73 ||   105
       Agony             |       |       |       |    14 ||    14
       Frozen Ramparts   |       |       |       |    16 ||    16
       Animate Dead      |       |       |       |     7 ||     7
       Ozocubu's Armour  |       |       |       |     3 ||     3
Invok: Receive Corpses   |       |       |       |     4 ||     4
Evoke: Wand              |       |       |    10 |     4 ||    14
       Box of beasts     |       |       |       |     1 ||     1
  Use: Scroll            |       |     7 |     4 |    19 ||    30
       Potion            |       |       |     2 |     2 ||     4
 Stab: Sleeping          |     2 |     1 |    19 |    14 ||    36
       Distracted        |       |     1 |       |     1 ||     2
Armor: Robe              |     4 |    14 |    39 |       ||    57
       Acid dragon scale |       |       |    14 |   225 ||   239
       Quicksilver drago |       |       |       |     3 ||     3
Dodge: Dodged            |     7 |    54 |   171 |   601 ||   833
